 Dungeon Crawl Stone Soup version 0.16-a0-2710-g8b41a68 (webtiles) character file.

3945 Ololoev the Cruncher (level 10, 0/71 HPs)
             Began as a Mummy Chaos Knight on Nov 26, 2014.
             Was a Plaything of Xom.
             Slain by a raven (5 damage)
             ... led by a tengu conjurer
             ... on level 9 of the Dungeon.
             The game lasted 00:44:50 (11075 turns).

Ololoev the Cruncher (Mummy Chaos Knight)          Turns: 11075, Time: 00:44:51

Health: 0/71       AC: 14    Str: 15    XL:     10   Next: 2%
Magic:  10/10      EV:  8    Int: 14    God:    Xom
Gold:   394        SH:  0    Dex: 11    Spells: 0 memorised, 9 levels left

rFire  + . .     SeeInvis .     b - +1 quarterstaff
rCold  . . .     Clarity  .     k - +1 fire dragon armour
rNeg   + + +     SustAb   .     (no shield)
rPois  ∞         Gourm    .     j - +2 hat
rElec  .         Spirit   .     h - +1 cloak
rCorr  .         Warding  .     (no gloves)
rMut   .         Stasis   .     (no boots)
MR     +....                    (no amulet)
Stlth  ..........               (no ring)
                                n - ring of wizardry

@: somewhat resistant to hostile enchantments, extremely unstealthy
A: no food or potions, fire vulnerability, restore body, cold resistance 1,
negative energy resistance 3, poison resistance, torment resistance, unbreathing
a: Renounce Religion


You were on level 9 of the Dungeon.
You worshipped Xom.
You were a toy of Xom.
You were not hungry.

You visited 1 branch of the dungeon, and saw 9 of its levels.
You also visited: Sewer and Ossuary.

You collected 394 gold pieces.

Notes
Turn   | Place    | Note
--------------------------------------------------------------
     0 | D:1      | Ololoev, the Mummy Chaos Knight, began the quest for the Orb.
     0 | D:1      | Reached XP level 1. HP: 18/18 MP: 1/1
    39 | D:1      | Reached skill level 1 in Dodging
    55 | D:1      | XOM: harmless Hex miscast
    83 | D:1      | Reached XP level 2. HP: 24/24 MP: 2/2
   189 | D:1      | XOM: harmless Conj miscast
   199 | D:1      | XOM: divination: magic mapping
   261 | D:1      | XOM: harmless Tloc miscast
   374 | D:1      | XOM: harmless Trmt miscast
   577 | D:2      | Reached XP level 3. HP: 18/29 MP: 3/3
   598 | D:2      | XOM: harmless Necr miscast
   676 | D:2      | XOM: harmless Fire miscast
   974 | D:2      | Reached XP level 4. HP: 28/36 MP: 4/4
  1099 | D:2      | XOM: noise
  1355 | D:3      | XOM: harmless Hex miscast
  1363 | D:3      | Found a glowing drain.
  1502 | Sewer    | Entered a sewer
  1516 | Sewer    | XOM: cast spell 'Summon Butterflies'
  1521 | Sewer    | Reached XP level 5. HP: 27/42 MP: 5/5
  1642 | Sewer    | XOM: harmless Summ miscast
  1687 | Sewer    | Noticed a big kobold
  1703 | Sewer    | XOM: cast spell 'Confusing Touch'
  1705 | Sewer    | Killed a big kobold
  1705 | Sewer    | Reached skill level 1 in Staves
  1819 | Sewer    | Found a glowing silver altar of Zin.
  1932 | Sewer    | XOM: colour smoke trail
  2075 | D:3      | XOM: swap monsters
  2104 | D:3      | Noticed Grinder
  2113 | D:3      | Paralysed by Grinder for 7 turns
  2116 | D:3      | XOM: swap monsters
  2122 | D:3      | XOM: confuse monster(s)
  2137 | D:3      | XOM: potion effect (heal wounds)
  2143 | D:3      | Killed Grinder
  2143 | D:3      | Reached XP level 6. HP: 40/48 MP: 6/6
  2248 | D:3      | Reached skill level 4 in Staves
  2265 | D:3      | XOM: 1-stop teleportation journey
  2367 | D:3      | XOM: scenery: create altars
  2370 | D:3      | XOM: 1-stop teleportation journey
  2371 | D:3      | XOM: fog
  2564 | D:3      | XOM: enchant monster (good)
  2579 | D:3      | Reached XP level 7. HP: 53/53 MP: 7/7
  2982 | D:4      | XOM: potion effect (haste)
  2994 | D:4      | Reached skill level 5 in Staves
  3841 | D:4      | XOM: colour smoke trail
  3882 | D:4      | Reached skill level 6 in Staves
  3944 | D:4      | XOM: mild Fire miscast
  3945 | D:4      | Noticed a fire vortex
  3945 | D:4      | Noticed a fire vortex
  3962 | D:4      | XOM: colour smoke trail
  4039 | D:4      | XOM: silly message
  4175 | D:4      | Found an ancient bone altar of Kikubaaqudgha.
  4387 | D:5      | Entered Level 5 of the Dungeon
  4546 | D:5      | Found a shattered altar of Ashenzari.
  4612 | D:5      | Reached XP level 8. HP: 37/60 MP: 8/8
  4891 | D:5      | XOM: colour smoke trail
  4922 | D:5      | Noticed Blork the orc
  5131 | D:5      | Reached skill level 7 in Staves
  5136 | D:5      | XOM: enchant monster (bad)
  5245 | D:5      | XOM is BORED!
  5245 | D:5      | XOM: medium Necr miscast
  5348 | D:5      | XOM: colour smoke trail
  5386 | D:5      | XOM: mild Hex miscast
  5389 | D:5      | Killed Blork the orc
  5570 | D:5      | XOM: mild Ice miscast
  5635 | D:5      | XOM: colour smoke trail
  5733 | D:5      | XOM: vitrification
  5735 | D:5      | Noticed Crazy Yiuf
  5742 | D:5      | Paralysed by Crazy Yiuf for 6 turns
  5748 | D:5      | XOM: fog
  5754 | D:5      | Killed Crazy Yiuf
  6037 | D:5      | XOM: summons friendly shadow imp
  6122 | D:5      | Reached skill level 8 in Staves
  6184 | D:5      | XOM: mild Hex miscast
  6372 | D:5      | Found a basalt altar of Yredelemnul.
  6471 | D:6      | XOM: noise
  6499 | D:5      | XOM: harmless Summ miscast
  6511 | D:5      | XOM: summons 4 hostile shadow creatures
  6588 | D:5      | XOM: summons 1 hostile demon
  6770 | D:6      | XOM: noise
  6776 | D:6      | XOM: chaos cloud
  6777 | D:6      | XOM: summons friendly ufetubus
  6917 | D:6      | XOM: confusion (+ monsters)
  6922 | D:5      | XOM: noise
  6946 | D:5      | Reached skill level 9 in Staves
  6946 | D:5      | Reached XP level 9. HP: 44/65 MP: 9/9
  6956 | D:5      | XOM: harmless Hex miscast
  7044 | D:5      | XOM: medium Erth miscast
  7161 | D:5      | XOM: silly message
  7281 | D:6      | XOM: mild Fire miscast
  7377 | D:7      | Got an ichor-stained chain mail
  7581 | D:7      | Found a sand-covered staircase.
  7598 | Ossuary  | Entered an ossuary
  7768 | Ossuary  | XOM: harmless Necr miscast
  7839 | Ossuary  | XOM: smoke on damage
  7870 | Ossuary  | XOM: 1-stop teleportation journey
  8031 | Ossuary  | XOM: 1-stop teleportation journey
  8177 | D:7      | XOM: god gift: broad axe {god gift}
  8221 | D:7      | Found a shimmering altar of Xom.
  8254 | D:7      | Found an opulent altar of Gozag.
  8254 | D:7      | XOM: 3-stop teleportation journey
  8340 | D:7      | Identified the -6 chain mail of Context {rPois} (You found it on level 7 of the Dungeon)
  8545 | D:7      | Found a glowing silver altar of Zin.
  8661 | D:7      | XOM: polymorph iguana -> giant mite
  8718 | D:7      | Reached skill level 10 in Staves
  8808 | D:8      | XOM: noise
  9138 | D:8      | XOM: god gift: ancient scale mail {god gift}
  9139 | D:8      | Got an ancient scale mail {god gift}
  9196 | D:7      | XOM: smoke on damage
  9249 | D:7      | XOM: god gift: encrusted silver ring {god gift}
  9425 | D:7      | XOM: cast spell 'Summon Butterflies'
  9718 | D:8      | Identified the +3 scale mail of Troiw {Str+2} (Xom gifted it to you on level 8 of the Dungeon)
  9749 | D:8      | XOM: polymorph orc wizard -> sheep
  9924 | D:8      | XOM: enchant monster (bad)
 10592 | D:8      | XOM: mild Tloc miscast
 10736 | D:8      | Found Smau's Quality Used Wands.
 10747 | D:8      | XOM: 5-stop teleportation journey
 10845 | D:9      | XOM is BORED!
 10845 | D:9      | XOM: medium Conj miscast
 10850 | D:9      | XOM: chaos upgrade
 10956 | D:9      | Reached skill level 11 in Staves
 11022 | D:9      | Noticed a gargoyle
 11027 | D:9      | XOM: summons 3 friendly demons
 11028 | D:9      | XOM: god gift: 4 silver tomahawks
 11033 | D:9      | Killed a gargoyle
 11048 | D:9      | XOM: confuse monster(s)
 11051 | D:9      | Noticed a tengu conjurer
 11071 | D:9      | Reached XP level 10. HP: 43/71 MP: 10/10
 11075 | D:9      | Slain by a raven

Inventory:

Hand weapons
 b - a +1 quarterstaff (weapon)
 g - a +3 quarterstaff of chaos
Missiles
 a - 5 throwing nets (quivered)
 c - 7 javelins
Armour
 h - a +1 cloak (worn)
 j - a +2 hat (worn)
 k - a +1 fire dragon armour (worn)
Magical staves
 m - an uncursed staff of energy
Jewellery
 d - an uncursed ring of ice
 f - an uncursed ring of fire
 i - a +3 ring of intelligence
 n - a ring of wizardry (left hand)
Scrolls
 o - a scroll of remove curse

Table legend:
 A = Turns spent in this place as a percentage of turns spent in the entire game.
 B = Non-inter-level travel turns spent in this place as a percentage of non-inter-level travel turns spent in the entire game.
 C = Inter-level travel turns spent in this place as a percentage of turns spent in this place.
 D = Turns resting spent in this place as a percentage of non-inter-level travel turns spent in this place.
 E = Turns spent auto-exploring this place as a percentage of non-inter-level travel turns spent in this place.
 F = Non-inter-level travel turns spent in this place divided by the number of levels of this place that you've seen.
                   A       B       C       D       E      F
               +-------+-------+-------+-------+-------+----------------------
         Total | 100.0 | 100.0 |   0.5 |   4.9 |   6.2 | 364.2
       Dungeon |  88.6 |  88.5 |   0.6 |   4.9 |   6.9 | 394.1
         Sewer |   3.3 |   3.3 |   0.0 |   7.6 |   4.5 | 132.0
       Ossuary |   8.1 |   8.2 |   0.0 |   4.6 |   0.0 | 327.0
               +-------+-------+-------+-------+-------+----------------------


   Skills:
 - Level 3.9 Fighting
   Level 3.2(7.9) Polearms
 + Level 11.2(11.4) Staves
 - Level 2.4 Armour
 - Level 2.0 Dodging


You had 9 spell levels left.
You didn't know any spells.

Dungeon Overview and Level Annotations

Branches:
Dungeon (9/15)
 Temple: D:4-7         Lair: D:8-11         Orc: D:9-12

Altars:
Ashenzari
Gozag
Kikubaaqudgha
Xom
Yredelemnul
Zin

Shops:
D:8 }


Innate Abilities, Weirdness & Mutations

You do not eat or drink.
Your flesh is vulnerable to fire.
Your flesh is cold resistant.
You are immune to negative energy.
Your system is resistant to poisons.
You are immune to unholy pain and torment.
You can survive without breathing.


Message History

The raven pecks you but does no damage. The raven claws you but does no damage.
You hit the tengu conjurer.
The tengu conjurer is lightly wounded.
You sock the tengu conjurer!
The tengu conjurer is moderately wounded.
The tengu conjurer casts a spell.
The tengu conjurer blinks!
The bat hits you but does no damage. x2
The raven pecks you! The raven claws you.
The raven pecks you but does no damage. The raven barely misses you.
You sock the raven!
You kill the raven!
You have reached level 10!
The bat hits you but does no damage. The bat barely misses you.
The bat hits you but does no damage.
The tengu conjurer gestures at you while chanting.
The bolt of lightning hits you!
Read which item? (? for menu, Esc to quit)
Okay, then.
That item cannot be evoked!
Quiver which item? (- for none, * to show all) (? for menu, Esc to quit)
Quivering
a - 7 throwing nets for throwing.
Throwing (i - inventory. (,) - cycle):
a - 7 throwing nets (quivered)
Press: ? - help, Shift-Dir - straight line, f - tengu conjurer
Aim: a tengu conjurer (moderately wounded)
You throw a throwing net.
The throwing net barely misses the tengu conjurer.
The bat closely misses you. The raven pecks you. The raven barely misses you.
The tengu conjurer closely misses you. The tengu conjurer barely misses you.
The tengu conjurer claws you but does no damage.
Throwing (i - inventory. (,) - cycle):
a - 6 throwing nets (quivered)
Press: ? - help, Shift-Dir - straight line, f/p - tengu conjurer
Aim: a tengu conjurer (moderately wounded)
You throw a throwing net.
The throwing net closely misses the tengu conjurer.
The throwing net hits the battlesphere.
The net passes right through the battlesphere!
The raven pecks you. The raven claws you.
You die...
Xom bursts into laughter!

.P..b..#......<...
..b.. #§#######..
.(b# #.# ## #.#
#.### # #b†.# # #.
###.# ##.#.####b##
........@Q*####.
##.#.....#......#
#.####..b.######
#.# #.#.## #.#
#.#.# #.####)#.#
#.##.(.#.#
#######.##.###.# #
#..........###.#
#.


You could see a raven, a tengu conjurer and a bat.

Table legend:
 A = Kills in this place as a percentage of kills in entire the game.
 B = Kills by you in this place as a percentage of kills by you in the entire game.
 C = Kills by friends in this place as a percentage of kills by friends in the entire game.
 D = Other kills in this place as a percentage of other kills in the entire game.
 E = Experience gained in this place as a percentage of experience gained in the entire game.
 F = Experience gained in this place divided by the number of levels of this place that you have seen.
                   A       B       C       D       E      F
               +-------+-------+-------+-------+-------+----------------------
         Total | 100.0 | 100.0 | 100.0 |  -nan | 100.0 | 512.5
       Dungeon |  91.8 |  91.7 | 100.0 |  -nan |  92.0 | 576.2
         Sewer |   3.5 |   3.6 |   0.0 |  -nan |   2.0 | 110.0
       Ossuary |   4.7 |   4.7 |   0.0 |  -nan |   6.0 | 341.0
               +-------+-------+-------+-------+-------+----------------------

Vanquished Creatures
  Grinder (D:3)
  A raven (D:9)
  2 yaks
  A hippogriff (D:4)
  A spatial vortex (D:8)
  A black bear (D:6)
  2 phantoms
  2 sky beasts
  An ogre (D:7)
  2 centaurs
  A giant frog (D:6)
  Blork the orc (D:5)
  A big kobold (Sewer)
  4 wights (D:9)
  6 killer bees
  2 goliath beetles
  3 hounds
  2 crimson imps (D:5)
  6 jellies
  4 centaur zombies (Ossuary)
  A giant frog skeleton (D:5)
  Crazy Yiuf (D:5)
  4 orc priests
  A quasit (D:7)
  A gnoll shaman (D:5)
  4 orc wizards
  A sheep (D:7)
  5 worker ants
  3 big kobold zombies (Ossuary)
  A killer bee zombie (D:7)
  A hound skeleton (D:4)
  5 mummies
  2 worker ant zombies
  8 gnolls
  A river rat (Sewer)
  16 adders
  5 giant mites
  A shadow imp (D:6)
  5 worms
  An adder zombie (D:6)
  5 giant geckos
  3 oozes
  31 orcs
  12 giant cockroaches
  2 gnoll zombies (D:5)
  10 goblins
  11 hobgoblins
  12 jackals
  12 kobolds
  4 quokkas
  A ball python (D:4)
  15 bats
  A giant cockroach zombie (D:3)
  2 giant gecko skeletons
  7 giant newts
  A goblin zombie (D:7)
  A hobgoblin zombie (Ossuary)
  3 quokka zombies
  14 rats
  10 ballistomycetes (D:8)
268 creatures vanquished.

Vanquished Creatures (collateral kills)
  A gargoyle (D:9)
  An orc wizard (D:3)
  An orc (D:3)
  A giant newt (D:3)
4 creatures vanquished.

Vanquished Creatures (others)
  A wight (D:7)
  An iron imp (D:9)
  An orc wizard (D:3)
  2 shadow imps
  A quokka (D:7)
  3 giant spores (D:8)
  A butterfly (D:5)
10 creatures vanquished.

Grand Total: 282 creatures vanquished

Action                   |  1- 3 |  4- 6 |  7- 9 | 10-12 || total
-------------------------+-------+-------+-------+-------++-------
Melee: Spear             |   144 |   120 |       |       ||   264
       Quarterstaff      |       |   105 |   928 |       ||  1033
Throw: Javelin           |       |       |    31 |       ||    31
       Throwing net      |       |       |       |     2 ||     2
Evoke: Wand              |       |       |     8 |       ||     8
  Use: Scroll            |       |     5 |    11 |       ||    16
 Stab: Paralysed         |     3 |     1 |     4 |       ||     8
       Petrified         |       |     3 |       |       ||     3
       Petrifying        |       |     1 |       |       ||     1
       Invisible         |       |       |     1 |       ||     1

Vault maps used:
D:1:      lightli_arrival_boilingwater
D:2:      minivault_24, corexii_shack, minivault_14
D:3:      gup_sewer_entry_pipe, uniq_grinder
D:4:      kennysheep_mini_moat, serial_co_window_serial, co_window_cross_1,
          co_window_of_opportunity_a, co_window_paths_a, co_window_paths_a,
          co_window_paths_a, co_window_broadway_b, co_window_paths_c,
          co_window_broadway_b, glass_columns_c, glass_columns_c, first_bread
D:5:      lemuel_round_altar, lemuel_zombie_altar_yredelemnul,
          grunt_ministairs_14, eino_small_chamber_without_monster,
          uniq_crazy_yiuf_cottage, uniq_blork_the_orc
D:6:      minmay_temple_entry_nine_rooms
D:7:      grunt_gozag_breadcrumbs, zin_treasury, kennysheep_little_box,
          enter_ossuary_4, grunt_ogre_cave
D:8:      nicolae_for_you_no_charge
D:9:      beetle_altar_2, due_lair_maze_entry_diamond
Sewer:    sewer_kobolds
Ossuary:  ossuary_the_hunt_dpeg
